 Dungeon Crawl Stone Soup version 0.27-a0-1301-g128193abf8 (webtiles) character file.

Game seed: 11724738149834323048

265 Johnny the Magician (level 5, 0/32 HPs)
             Began as a Deep Elf Earth Elementalist on June 16, 2021.
             Slain by a scorpion (7 damage)
             ... on level 4 of the Dungeon.
             The game lasted 00:03:16 (4306 turns).

Johnny the Magician (Deep Elf Earth Elementalist)   Turns: 4306, Time: 00:03:17

Health: 0/32       AC:  2    Str:  5    XL:     5   Next: 99%
Magic:  7/14       EV: 12    Int: 21    God:
Gold:   48         SH:  0    Dex: 15    Spells: 12/13 levels left

rFire    . . .     SeeInvis .   i - +1 dagger (venom)
rCold    . . .     Faith    .   (no shield)
rNeg     . . .     Spirit   .   b - +0 robe
rPois    .         Reflect  .   (no helmet)
rElec    .         Harm     .   (no cloak)
rCorr    .         Rampage  .   (no gloves)
Will     .....                  (no boots)
Stlth    ++........             (no amulet)
HPRegen  0.10/turn              (no ring)
MPRegen  0.14/turn              (no ring)

@: lethally poisoned (0 -> -30)
A: no striking features
a: no special abilities


You were on level 4 of the Dungeon.
You visited 1 branch of the dungeon, and saw 4 of its levels.

You collected 113 gold pieces.
You spent 65 gold pieces at shops.

Inventory:

Hand Weapons
 h - a +0 dagger
 i - a +1 dagger of venom (weapon)
Missiles
 c - 105 stones
 o - a throwing net
Armour
 b - a +0 robe (worn)
 r - a +0 buckler
Scrolls
 d - a scroll of blinking {unknown}
 e - a scroll of teleportation {unknown}
 g - a scroll of identify {unknown}
 k - 2 scrolls of enchant weapon {unknown}
 l - a scroll of brand weapon {unknown}
 n - a scroll of acquirement {unknown}
 q - a scroll of holy word {unknown}
Potions
 a - a potion of heal wounds
 f - 2 potions of curing {unknown}
 j - 2 potions of degeneration {unknown}
 m - a potion of berserk rage {unknown}
 p - a potion of lignification {unknown}
 s - a potion of might {unknown}


   Skills:
 * Level 3.3 Fighting
 - Level 2.4 Dodging
 - Level 2.4 Stealth
 + Level 0.0 Shields
 + Level 4.8 Spellcasting
 - Level 1.1 Transmutations
 + Level 4.6 Earth Magic


You had 12 spell levels left.
You knew the following spells:

 Your Spells              Type           Power      Damage    Failure   Level
a - Sandblast             Erth           48%        2d12      1%          1

Your spell library contained the following spells:

 Spells                   Type           Power      Damage    Failure   Level
 Passwall                 Tmut/Erth      14%        N/A       4%          2
 Animate Skeleton         Necr           10%        N/A       11%         1
 Magic Dart               Conj           20%        1d4       11%         1
 Pain                     Necr           20%        1d5       11%         1
 Stone Arrow              Conj/Erth      28%        3d8       13%         3
 Searing Ray              Conj           10%        3d3       17%         2
 Dazzling Flash           Conj/Hex       10%        N/A       32%         3
 Vampiric Draining        Necr           2%         2d6       32%         3
 Petrify                  Tmut/Erth      17%        N/A       32%         4
 Lee's Rapid Deconstruct  Erth           12%        3d9*      41%         5
 Animate Dead             Necr           2%         N/A       73%         4
 Fulminant Prism          Conj/Hex       2%         3d6       73%         4
 Iskenderun's Mystic Bla  Conj/Tloc      5%         2d3       73%         4
 Agony                    Necr           5%         N/A       97%         5


Dungeon Overview and Level Annotations

Branches:
Dungeon (4/15)
 Temple: D:4-7

Altars:

Shops:
D:3 !

Annotations:
D:3 3 runed translucent doors, Polar's ghost, amateur GnFi; Xenoroth's ghost, amateur MiFi


Message History

The blast of sand misses the scorpion.
The scorpion stings you.
You are poisoned.
The scorpion poisons you! The scorpion barely misses you.
You feel sick.
Casting: Sandblast (safe; 1% risk of failure)
Confirm with . or Enter, or press ? or * to list all spells.
Aiming: Sandblast (safe; 1% risk of failure)
Press: ? - help, Shift-Dir - straight line, f/p - scorpion
Aim: a scorpion (heavily wounded, 81% to hit)
The blast of sand hits the scorpion.
The scorpion is heavily wounded.
You feel sick. The scorpion stings you!
You are lethally poisoned!
The scorpion poisons you!
You feel much better.
You feel very sick. The scorpion misses you.
Casting: Sandblast (safe; 1% risk of failure)
Confirm with . or Enter, or press ? or * to list all spells.
Aiming: Sandblast (safe; 1% risk of failure)
Press: ? - help, Shift-Dir - straight line, f/p - scorpion
Aim: a scorpion (heavily wounded, 81% to hit)
The blast of sand hits the scorpion.
The scorpion is almost dead.
You feel very sick. The scorpion stings you.
You are lethally poisoned!
The scorpion poisons you!
Casting: Sandblast (safe; 1% risk of failure)
Confirm with . or Enter, or press ? or * to list all spells.
Aiming: Sandblast (safe; 1% risk of failure)
Press: ? - help, Shift-Dir - straight line, f/p - scorpion
Aim: a scorpion (almost dead, 81% to hit)
The blast of sand misses the scorpion.
You feel very sick. The scorpion stings you.
* * * LOW HITPOINT WARNING * * *
You are more poisoned.
The scorpion poisons you! The scorpion stings you!
You die...

......#.#)#.#.# .....[..#
####...#.#..... #.......#
#....)#..... ........#
#.†...#.....
........######.....#.....
⌠.............###........
..............# #..#####.
..............# #.>.. .
#.....)s@.....# ...#..
..[.....).....# .#.....
.###.........)# .###
#....####### #....#
......# ########


You could see a scorpion.

Vanquished Creatures
  A kobold brigand (D:3)
  A jelly (D:3)
  5 adders
  3 gnolls (D:3)
  A dart slug (D:2)
  3 orcs
  7 ball pythons
  7 bats
  5 endoplasms
  5 giant cockroaches (D:1)
  9 hobgoblins
  8 jackals (D:2)
  9 kobolds
  3 quokkas
  4 frilled lizards
  5 goblins
  5 rats
81 creatures vanquished.

Notes
Turn   | Place    | Note
-------+----------+-------------------------------------------
     0 | D:1      | Johnny the Deep Elf Earth Elementalist began the quest for
                  | the Orb.
     0 | D:1      | Reached XP level 1. HP: 10/10 MP: 6/6
   244 | D:1      | Reached XP level 2. HP: 16/16 MP: 5/8
   324 | D:1      | Reached skill level 1 in Fighting
   687 | D:1      | Found a faded altar of an unknown god.
  1422 | D:2      | Reached XP level 3. HP: 10/20 MP: 8/10
  2040 | D:2      | Reached XP level 4. HP: 10/26 MP: 8/11
  3003 | D:3      | Found Yxupam's Distillery.
  3026 | D:3      | Bought a potion of heal wounds for 65 gold pieces
  3043 | D:3      | Found a runed translucent gate.
  3043 | D:3      | Found a runed translucent gate.
  3043 | D:3      | Found a runed translucent gate.
  3269 | D:3      | Reached XP level 5. HP: 31/31 MP: 9/13
  3824 | D:3      | Noticed Xenoroth's ghost (amateur MiFi)
  3824 | D:3      | Noticed Polar's ghost (amateur GnFi)
  4306 | D:4      | Slain by a scorpion

Illustrated notes

Levels and vault maps discovered:
D:1:      evilmike_arrival_crescent, layout_loops_ring,
          hellmonk_ecumenical_altar_zigzags
D:2:      layout_basic
D:3:      layout_basic, gammafunk_ghost_cemetery, serial_shops, shop
D:4:      layout_basic, minmay_temple_entry_waves, ebering_ghost_rock_garden,
          chequers_garden, st_stairs_12, corexii_checkpoint_a

Skill      XL: |  1  2  3  4  5 |
---------------+----------------+-----
Fighting       | 1 2 3 |  3.3
Spellcasting   | 4 |  4.8
Earth Magic    | 4 |  4.6
Dodging        | |  2.4
Stealth        | |  2.4
Transmutations | |  1.1

Action                   |  1- 3 |  4- 6 || total
-------------------------+-------+-------++-------
Melee: Dagger            |    35 |    48 ||    83
 Cast: Sandblast         |    55 |    34 ||    89
  Use: Potion            |       |     1 ||     1
 Stab: Sleeping          |     2 |    10 ||    12
       Distracted        |       |     1 ||     1
Armor: Robe              |     4 |     9 ||    13
Dodge: Dodged            |    33 |    25 ||    58

Table legend: (Time is in decaauts)
 A = Elapsed time spent in this place.
 B = Non-inter-level travel time spent in this place.
 C = Inter-level travel time spent in this place.
 D = Time resting spent in this place.
 E = Time spent auto-exploring this place.
 F = Levels seen in this place.
 G = Mean time per level.
                   A        B        C        D        E       F      G
               +--------+--------+--------+--------+--------+-----+--------+
         Total |   4304 |   4158 |    146 |    554 |   3138 |   4 | 1076.0 |
       Dungeon |   4304 |   4158 |    146 |    554 |   3138 |   4 | 1076.0 |
               +--------+--------+--------+--------+--------+-----+--------+

Top non-repeatable levels by time:
     D:2: 1859 daAuts
     D:3: 1130 daAuts
     D:1: 1109 daAuts
     D:4: 205 daAuts
